Map: Procolo Central

Players

Erik

  • Race: Zerg Zerg
  • League: Grandmaster

Cham - Winner!

  • Race: Zerg Zerg
  • League: Grandmaster

Event: Copa America 2016 Season 1

VOD

Have the link to the VOD?

Description

Time

  • Played on: Feb. 17, 2016, 6:32 p.m.
  • Length: 13:00

All games in this series

Show
View Real Time Build Order
Export as new Build Order

Erik Zerg 

Build Orders: Pool First 

Get SALT Encoding   

  12  0:01  Drone  
  13  0:13  Overlord  
  13  0:17  Drone  
  14  0:31  Drone x2  
  17  0:35  Drone  
  17  0:38  Extractor  
  16  0:47  Spawning Pool  
  15  0:50  Drone  
  16  0:57  Drone  
  17  1:19  Hatchery  
  16  1:26  Drone  
  17  1:34  Queen  
  19  1:40  Metabolic Boost  
  19  1:44  Zergling x2  
  20  1:48  Drone  
  20  1:52  Drone  
  22  2:09  Overlord  
  22  2:11  Overlord  
  22  2:26  Baneling Nest  
  22  2:27  Queen  
  22  2:29  Drone  
  24  2:30  Drone  
  24  2:35  Zergling x2  
  26  2:39  Zergling x2  
  27  2:46  Zergling x6  
  27  2:48  Zergling x2  
  30  2:55  Zergling x4  
  32  3:04  Zergling x4  
  34  3:07  Evolution Chamber  
  33  3:16  Drone x2  
  35  3:23  Drone x3  
  35  3:26  Drone  
  37  3:32  Drone  
  36  3:36  Drone x2  
  36  3:37  Drone  
  36  3:40  Drone  
  35  3:50  Roach Warren  
  33  3:58  Zergling x2  
  33  4:00  Zerg Missile Weapons Level 1  
  33  4:01  Drone x2  
  33  4:02  Drone  
  37  4:04  Zergling x2  
  37  4:05  Zergling x2  
  39  4:10  Overlord  
  39  4:15  Zergling x2  
  40  4:17  Baneling x2  
  40  4:20  Zergling x6  
  40  4:23  Baneling x2  
  41  4:50  Roach  
  41  4:51  Roach x2  
  39  4:57  Roach x2  
  43  5:00  Extractor  
  43  5:01  Roach x2  
  43  5:03  Roach  
  43  5:06  Drone  
  49  5:09  Extractor  
  49  5:13  Drone  
  49  5:20  Hatchery, Lair  
  48  5:27  Drone x3  
  51  5:29  Overlord x2  
  51  5:49  Roach x5  
  63  5:50  Roach  
  63  5:55  Roach  
  65  6:00  Roach  
  67  6:06  Overlord x3  
  67  6:21  Glial Reconstitution  
  69  6:25  Roach  
  69  6:26  Roach x2  
  69  6:32  Roach x2  
  77  6:38  Roach x2  
  81  6:50  Roach x3  
  85  7:00  Roach x3  
  77  7:06  Roach  
  73  7:10  Roach  
  65  7:16  Roach x2  
  69  7:23  Roach  
  69  7:24  Roach  
  73  7:32  Roach  
  73  7:33  Roach  
  73  7:34  Overlord  
  73  7:36  Roach  
  79  7:41  Roach x2  
  79  7:42  Roach  
  85  7:46  Roach  
  87  7:53  Drone x4  
  93  7:58  Roach x2  
  93  8:05  Roach  
  89  8:10  Roach x2  
  93  8:13  Roach  
  93  8:16  Ravager  
  93  8:19  Roach x2  
  100  8:25  Roach x2  
  100  8:34  Drone x3  
  100  8:35  Drone x2  
  100  8:40  Burrow  
  105  8:44  Overseer  
  105  8:46  Overlord  
  105  8:52  Overlord  
  105  9:01  Overlord x2  
  105  9:09  Roach x3  
  111  9:15  Tunneling Claws  
  111  9:20  Extractor  
  111  9:23  Roach x2  
  111  9:24  Roach  
  116  9:33  Roach  
  116  9:34  Roach x3  
  124  9:43  Roach x3  
  124  10:15  Spore Crawler  
  124  10:16  Spore Crawler  
  124  10:17  Spore Crawler  
  124  10:19  Queen  
  124  10:20  Spore Crawler x3  
  118  10:21  Overlord  
  112  10:29  Roach x5  
  112  10:30  Roach x2  
  112  10:31  Roach x2  
  112  10:32  Roach x3  
  112  10:33  Roach  
  114  10:37  Roach x2  
  114  10:46  Roach  
  114  10:47  Roach x2  
  115  10:56  Queen  
  115  11:08  Roach x27  
  111  11:12  Roach, Hydralisk Den  
  111  11:17  Overlord x3  
  104  11:37  Roach x4  
  103  11:40  Roach x4  
  103  11:43  Roach x2  
  102  11:49  Overlord x2  
  66  12:10  Hydralisk  
  66  12:11  Hydralisk x3  
  74  12:19  Roach x4  
  64  12:24  Hydralisk  
  54  12:33  Hydralisk  
Show
View Real Time Build Order
Export as new Build Order

Cham Zerg - Winner!

Build Orders: Hatch First 

Get SALT Encoding   

  12  0:01  Drone  
  13  0:10  Drone  
  14  0:20  Overlord  
  14  0:23  Extractor  
  14  0:24  Drone  
  15  0:38  Drone x2  
  17  0:54  Hatchery  
  16  1:00  Drone  
  17  1:12  Spawning Pool  
  17  1:15  Drone  
  17  1:17  Extractor  
  16  1:22  Drone  
  17  1:27  Drone  
  17  1:31  Drone  
  19  1:38  Drone  
  20  1:54  Drone  
  21  2:02  Baneling Nest, Drone  
  21  2:05  Queen  
  21  2:07  Queen  
  25  2:10  Zergling x2  
  26  2:18  Drone  
  26  2:20  Overlord  
  27  2:27  Spine Crawler  
  26  2:30  Drone  
  26  2:33  Zergling x2  
  28  2:40  Drone, Zergling x2  
  30  2:55  Drone x2  
  30  2:56  Baneling x2  
  32  2:58  Overlord  
  32  3:00  Drone  
  33  3:10  Overlord  
  33  3:11  Roach Warren  
  32  3:17  Zergling x4  
  34  3:24  Zergling x6  
  34  3:25  Zergling x2  
  37  3:31  Drone x2  
  37  3:34  Baneling  
  39  3:40  Drone x2  
  41  3:46  Drone  
  41  3:48  Drone  
  42  3:51  Drone x3  
  45  3:59  Overlord  
  45  4:03  Lair  
  45  4:06  Drone  
  45  4:07  Extractor  
  45  4:09  Drone  
  46  4:10  Drone  
  46  4:14  Extractor  
  46  4:16  Drone  
  47  4:17  Baneling x2, Evolution Chamber  
  47  4:18  Baneling  
  47  4:21  Drone  
  47  4:25  Drone x2  
  46  4:40  Roach  
  46  4:41  Roach x5  
  55  4:47  Roach  
  55  4:54  Zerg Missile Weapons Level 1, Drone x3  
  55  4:55  Drone  
  55  4:57  Overlord  
  59  5:03  Overlord  
  59  5:06  Glial Reconstitution  
  59  5:12  Overlord  
  59  5:15  Overseer  
  59  5:17  Roach  
  59  5:19  Roach  
  63  5:23  Roach  
  63  5:25  Roach  
  63  5:27  Overlord  
  67  5:29  Roach  
  67  5:32  Roach  
  67  5:33  Roach  
  73  5:38  Roach  
  73  5:41  Roach  
  77  5:43  Overlord  
  77  5:44  Overlord  
  79  5:52  Roach x3  
  79  5:56  Roach  
  85  5:58  Overlord  
  85  6:00  Roach  
  85  6:04  Roach x2  
  91  6:16  Roach x3  
  91  6:17  Roach  
  99  6:25  Roach x2  
  103  6:27  Roach  
  103  6:30  Overlord  
  107  6:33  Roach x3  
  107  6:36  Drone  
  112  6:41  Overlord  
  112  6:48  Roach  
  108  6:55  Roach x2  
  108  7:00  Hatchery  
  99  7:01  Zerg Ground Armor Level 1  
  99  7:05  Roach  
  99  7:06  Roach  
  91  7:13  Roach x2  
  85  7:16  Drone  
  85  7:17  Drone x3  
  85  7:19  Extractor  
  86  7:26  Roach x2  
  90  7:39  Drone  
  90  7:43  Spire  
  90  7:45  Drone x4  
  90  7:48  Overlord  
  90  7:50  Roach x3  
  100  8:02  Roach x2  
  98  8:08  Roach  
  98  8:09  Roach x2  
  98  8:10  Roach  
  98  8:11  Roach  
  106  8:16  Roach  
  106  8:17  Roach x2  
  112  8:28  Overlord  
  112  8:32  Drone x2  
  112  8:33  Drone x2, Queen  
  118  8:35  Overlord x2  
  118  8:48  Drone  
  118  8:49  Spine Crawler  
  118  8:52  Spine Crawler  
  117  8:56  Overlord, Extractor  
  117  8:57  Overlord, Extractor  
  117  8:58  Mutalisk  
  117  9:01  Mutalisk x2  
  117  9:02  Mutalisk  
  121  9:05  Mutalisk  
  121  9:08  Mutalisk  
  127  9:12  Drone x2  
  127  9:15  Overlord  
  129  9:17  Mutalisk  
  129  9:23  Overlord  
  129  9:24  Overlord  
  131  9:25  Mutalisk  
  131  9:28  Drone  
  134  9:32  Drone x2  
  134  9:35  Mutalisk  
  134  9:38  Roach  
  140  9:40  Roach  
  140  9:44  Mutalisk  
  144  9:46  Roach  
  142  10:01  Mutalisk x2  
  142  10:04  Mutalisk  
  145  10:15  Mutalisk  
  145  10:17  Drone x3  
  145  10:18  Overlord  
  150  10:21  Mutalisk  
  152  10:30  Mutalisk  
  152  10:33  Hatchery, Drone  
  154  10:38  Overseer  
  154  10:40  Overseer  
  154  10:52  Mutalisk  
  153  11:01  Mutalisk  
  149  11:09  Drone x2  
  149  11:10  Overlord x2, Drone  
  150  11:12  Mutalisk  
  152  11:24  Roach x2  
  158  11:32  Roach  
  158  11:41  Roach  
  158  11:43  Queen x2  
  158  11:46  Roach x2  
  168  11:50  Roach  
  150  11:57  Roach x2  
  150  12:01  Queen  
  144  12:02  Roach  
  144  12:05  Roach  
  146  12:11  Roach x2  
  144  12:24  Roach x4  
  144  12:25  Mutalisk  
  154  12:30  Mutalisk x2  
  154  12:33  Overlord  
  158  12:44  Drone  
Tags
 
Add a new tag
Caveats
  • Supply blocks, unpowered buildings, or Contaminate may cause inaccurate times.
  • Supply counts are checked every 10 seconds.